Map: 워터폴

Players

Ryung

  • Race: Terran Terran
  • Spawn Location: 7:00

RagnaroK (SHIN) - Winner!

  • Race: Zerg Zerg
  • Spawn Location: 1:00

Event: DreamHack SC2 Masters 2022 Atlanta (Offline)

VOD

Have the link to the VOD?

Description

Time

  • Played on: Nov. 18, 2022, 5:29 p.m.
  • Length: 11:52

All games in this series

Show
View Real Time Build Order
Export as new Build Order

Ryung Terran 

Build Orders: Reaper Expand, Hellion Banshee 

Get SALT Encoding   

  12  0:00  SCV  
  13  0:12  SCV  
  14  0:16  Supply Depot  
  14  0:24  SCV  
  15  0:38  SCV  
  15  0:40  Barracks  
  16  0:44  Refinery  
  16  0:50  SCV  
  17  1:02  SCV  
  18  1:16  SCV  
  19  1:27  Reaper  
  19  1:28  Orbital Command  
  20  1:40  Command Center  
  20  1:49  Supply Depot  
  20  1:55  SCV  
  20  1:58  Marine  
  22  2:07  SCV  
  23  2:09  Factory  
  23  2:16  Marine  
  23  2:19  SCV  
  25  2:31  SCV  
  25  2:35  Barracks Reactor  
  26  2:44  SCV, Command Center  
  27  2:53  Orbital Command  
  27  2:56  SCV  
  28  3:04  Starport  
  27  3:12  SCV  
  28  3:15  Hellion  
  28  3:16  Refinery  
  30  3:20  Hellion  
  30  3:21  SCV  
  30  3:24  SCV  
  34  3:27  Barracks Tech Lab  
  34  3:33  SCV  
  35  3:36  SCV  
  35  3:38  Hellion  
  38  3:41  Hellion  
  38  3:46  SCV  
  41  3:48  SCV  
  41  3:51  Banshee  
  45  3:56  Orbital Command  
  45  4:00  Cloaking Field  
  45  4:02  SCV x2  
  47  4:09  Hellion  
  49  4:10  Supply Depot  
  49  4:12  Hellion  
  49  4:15  SCV x2  
  49  4:16  Barracks Tech Lab  
  53  4:23  SCV  
  54  4:27  SCV x2  
  54  4:30  Hellion  
  58  4:33  Supply Depot, Hellion  
  58  4:34  Banshee  
  63  4:38  Orbital Command  
  63  4:39  SCV x2  
  65  4:51  SCV, Stimpack, Marine  
  65  4:52  Supply Depot, Hellion  
  69  4:55  SCV, Hellion  
  69  4:57  Supply Depot  
  72  5:04  SCV x2  
  74  5:07  SCV  
  74  5:09  Marine  
  76  5:16  Engineering Bay x2  
  76  5:19  Supply Depot  
  76  5:23  SCV x3, Factory Reactor  
  76  5:24  Barracks  
  76  5:27  Refinery  
  76  5:28  Refinery  
  79  5:29  Barracks  
  79  5:32  Starport Reactor  
  79  5:35  SCV x3  
  81  5:37  Marine  
  83  5:47  Barracks  
  83  5:48  Barracks  
  83  5:49  Terran Infantry Armor Level 1, Terran Infantry Weapons Level 1  
  83  5:51  SCV x2  
  83  5:52  SCV  
  83  5:55  Marine  
  87  6:03  SCV x2  
  87  6:04  SCV  
  90  6:11  Supply Depot  
  90  6:12  Marine x3  
  90  6:15  SCV x2  
  90  6:16  SCV  
  96  6:19  Siege Tank  
  99  6:26  Medivac  
  99  6:28  Supply Depot  
  99  6:29  Supply Depot  
  99  6:32  SCV x2, Medivac, Marine x3  
  108  6:34  Supply Depot  
  108  6:35  Combat Shield  
  108  6:37  Barracks Reactor  
  108  6:40  Barracks Reactor  
  108  6:41  Refinery  
  108  6:43  SCV  
  109  6:49  SCV, Marine x2  
  109  6:50  SCV  
  113  6:59  Supply Depot  
  113  7:00  Siege Tank, Marine x2  
  113  7:01  Supply Depot, Marine  
  119  7:05  SCV x2, Armory  
  119  7:06  Supply Depot  
  119  7:07  Marine x2  
  123  7:16  Marine x3  
  123  7:18  Marine x3  
  123  7:19  Medivac  
  123  7:20  Medivac  
  123  7:22  Command Center  
  133  7:25  Marine  
  133  7:28  Supply Depot x2  
  134  7:32  Marine x2  
  134  7:34  Marine  
  137  7:42  Marine x5  
  137  7:43  Marine  
  114  7:44  Siege Tank  
  114  7:50  Marine x2  
  119  7:51  Supply Depot, Marine  
  119  7:54  Supply Depot  
  119  7:56  Terran Infantry Weapons Level 2  
  120  8:00  Marine x6  
  120  8:03  Terran Infantry Armor Level 2  
  126  8:08  Marine x2  
  126  8:09  Marine  
  126  8:11  Medivac x2  
  133  8:17  Marine x4  
  133  8:18  Terran Vehicle Weapons Level 1  
  137  8:24  Marine x2  
  137  8:26  Marine x2  
  131  8:27  Marine  
  120  8:35  Marine x4  
  121  8:42  Marine x2  
  121  8:43  Marine  
  121  8:44  Marine  
  121  8:45  Marine  
  113  8:51  SCV x3  
  113  8:53  Marine x4  
  120  8:57  Siege Tank  
  120  9:00  Marine x2  
  120  9:01  Marine  
  120  9:02  Marine  
  127  9:03  SCV, Marine  
  127  9:09  Medivac  
  114  9:11  Marine x4  
  118  9:17  Medivac  
  118  9:18  SCV, Marine x2  
  118  9:19  Marine  
  118  9:20  SCV x2, Marine  
  118  9:21  Marine  
  128  9:27  Planetary Fortress  
  128  9:29  Marine x4  
  132  9:36  Marine x2  
  132  9:37  Siege Tank, Marine  
  132  9:38  Marine x2  
  139  9:44  SCV x3  
  129  9:46  Marine x2  
  129  9:47  Marine x2  
  133  9:54  Marine x2  
  133  9:55  Marine x2  
  133  9:56  SCV x3, Marine  
  141  10:00  Supply Depot  
  141  10:04  Marine x4  
  145  10:08  SCV x3  
  145  10:11  Marine x2  
  145  10:13  Marine x2  
  147  10:14  Marine  
  141  10:22  Marine x4  
  141  10:24  Liberator, Siege Tank  
  141  10:25  SCV  
  152  10:29  SCV, Marine x2  
  152  10:30  Marine  
  152  10:31  Marine  
  152  10:32  Marine  
  158  10:40  Marine x4  
  162  10:47  Marine x2  
  162  10:48  Marine  
  162  10:49  Marine  
  152  10:50  Marine  
  119  10:58  Marine x4  
  113  11:05  Marine x2  
  113  11:06  Marine  
  113  11:07  Marine x2  
  107  11:15  Marine  
Show
View Real Time Build Order
Export as new Build Order

RagnaroK Zerg - Winner!

Build Orders: Pool First 

Get SALT Encoding   

  12  0:00  Drone  
  13  0:08  Drone  
  14  0:17  Overlord  
  14  0:35  Drone x2  
  16  0:40  Spawning Pool  
  15  0:43  Drone  
  15  0:47  Drone  
  17  1:08  Hatchery  
  16  1:13  Drone  
  17  1:27  Zergling x4, Extractor  
  17  1:28  Zergling x2  
  17  1:32  Queen  
  21  1:39  Overlord  
  21  1:50  Drone  
  22  2:01  Drone  
  22  2:07  Queen  
  25  2:13  Drone  
  26  2:20  Drone  
  26  2:22  Drone  
  28  2:26  Metabolic Boost  
  28  2:32  Drone  
  28  2:33  Drone  
  30  2:39  Drone x2  
  30  2:40  Drone  
  33  2:51  Hatchery  
  32  2:53  Drone  
  32  2:56  Drone  
  34  3:00  Drone x2  
  34  3:05  Overlord  
  36  3:12  Overlord  
  36  3:23  Queen  
  36  3:24  Drone x4  
  36  3:26  Drone  
  43  3:31  Queen  
  43  3:33  Drone  
  46  3:37  Drone  
  46  3:39  Drone  
  48  3:44  Zergling x6  
  51  3:48  Overlord  
  51  3:51  Drone  
  52  3:56  Overlord  
  52  4:02  Queen  
  52  4:04  Drone x4  
  52  4:07  Drone  
  52  4:09  Queen  
  59  4:11  Drone  
  59  4:14  Drone x2  
  59  4:16  Drone  
  65  4:17  Drone  
  65  4:19  Drone  
  65  4:21  Drone  
  68  4:25  Overlord  
  68  4:28  Overlord  
  68  4:30  Drone x2  
  68  4:31  Drone  
  71  4:34  Overlord  
  71  4:37  Spore Crawler  
  70  4:42  Queen  
  70  4:43  Drone, Overlord  
  73  4:49  Drone x2  
  73  4:50  Evolution Chamber  
  73  4:51  Evolution Chamber  
  73  4:52  Spore Crawler  
  72  4:54  Spore Crawler, Drone  
  72  4:58  Spore Crawler, Drone x2  
  73  5:01  Drone  
  73  5:02  Drone  
  73  5:05  Queen  
  77  5:09  Drone x3  
  77  5:12  Drone x4  
  84  5:17  Zerg Melee Weapons Level 1  
  84  5:19  Extractor  
  84  5:20  Zerg Ground Armor Level 1, Extractor  
  82  5:21  Drone x2  
  82  5:23  Drone x2  
  82  5:26  Extractor  
  82  5:27  Lair  
  85  5:29  Extractor  
  85  5:30  Zergling x4  
  85  5:31  Zergling x2  
  85  5:35  Drone x2  
  90  5:36  Zergling x2, Overlord  
  90  5:37  Zergling x2  
  90  5:41  Baneling Nest  
  91  5:46  Zergling x2  
  91  5:47  Zergling x4  
  91  5:49  Evolution Chamber  
  91  5:52  Zergling x4  
  91  5:56  Zergling x6  
  97  5:58  Overlord  
  97  6:00  Hatchery  
  97  6:03  Zergling x8  
  100  6:09  Overlord  
  101  6:11  Zergling x2  
  101  6:13  Zergling x4  
  102  6:21  Zergling x2  
  102  6:24  Zergling x4  
  102  6:25  Overseer  
  105  6:26  Centrifugal Hooks  
  105  6:27  Zergling x6  
  105  6:30  Drone  
  105  6:31  Drone  
  105  6:32  Drone x2  
  112  6:34  Spore Crawler  
  112  6:35  Drone x3  
  112  6:38  Zergling x2  
  115  6:42  Zergling x2  
  115  6:45  Zergling x2  
  117  6:48  Zergling x2  
  117  6:51  Zergling x2  
  115  6:56  Zergling x4  
  115  6:58  Zergling x2  
  115  6:59  Zergling x8  
  115  7:02  Drone x2  
  115  7:04  Hatchery  
  115  7:06  Baneling  
  115  7:07  Baneling x11, Drone  
  115  7:08  Baneling x3  
  117  7:11  Zergling x2  
  117  7:12  Zergling x2  
  117  7:14  Queen  
  117  7:15  Zergling x2  
  122  7:17  Zerg Ground Armor Level 2  
  122  7:19  Overlord  
  122  7:22  Overlord  
  122  7:23  Zergling x4  
  122  7:24  Zerg Melee Weapons Level 2  
  122  7:28  Zergling x8  
  126  7:42  Zergling x10  
  123  7:45  Zergling x14  
  123  7:47  Overlord  
  130  7:51  Drone x2  
  130  7:54  Zergling x8  
  130  7:56  Baneling x4  
  130  7:57  Baneling x9  
  130  7:58  Zergling x2  
  137  7:59  Overlord  
  137  8:03  Overlord  
  137  8:04  Zergling x8  
  141  8:06  Hatchery  
  141  8:11  Drone x2  
  139  8:13  Zergling x8  
  139  8:17  Zergling x2  
  139  8:18  Zergling x2  
  145  8:22  Zergling x8  
  134  8:31  Zergling x14  
  137  8:37  Zergling x2  
  137  8:38  Zergling x4  
  137  8:40  Zergling x6  
  128  8:43  Zergling x8  
  128  8:45  Baneling  
  128  8:46  Baneling x15  
  128  8:47  Zergling x2  
  129  8:53  Zergling x8  
  129  8:54  Zergling x8  
  137  8:56  Zergling x4  
  137  8:57  Zergling x2  
  134  9:03  Zergling x4  
  134  9:06  Zergling x4  
  134  9:08  Baneling x12  
  128  9:11  Zergling x10  
  128  9:14  Baneling x3  
  128  9:15  Zergling x2  
  134  9:20  Baneling x2  
  134  9:21  Zergling x20  
  134  9:23  Zergling x6  
  146  9:30  Zergling x10  
  151  9:32  Baneling x5  
  151  9:44  Zergling x18  
  151  9:45  Zergling x2  
  154  9:49  Zergling x18  
  160  9:53  Baneling x9  
  160  9:54  Baneling  
  160  9:56  Zergling x6  
  157  10:00  Baneling  
  157  10:01  Baneling x2  
  157  10:03  Zergling x10  
  157  10:06  Baneling x2  
  162  10:09  Zergling x2  
  162  10:10  Zergling x10  
  139  10:18  Zergling x20  
  139  10:20  Baneling x2  
  132  10:21  Baneling x3  
  132  10:27  Zergling x2, Baneling x4  
  132  10:28  Zergling x8  
  136  10:36  Zergling x6  
  135  10:43  Zergling x14  
  135  10:44  Hatchery  
  136  10:50  Zergling x14  
  136  10:52  Baneling x5  
  136  10:53  Baneling  
  136  10:57  Zergling x8  
  140  11:03  Baneling x7  
  138  11:06  Zergling x4  
  135  11:11  Zergling x10  
  135  11:17  Baneling x8  
  135  11:18  Overlord  
  130  11:22  Overlord  
  126  11:26  Baneling x4  
  119  11:33  Overlord  
Tags
 
Add a new tag
Caveats
  • Supply blocks, unpowered buildings, or Contaminate may cause inaccurate times.
  • Supply counts are checked every 10 seconds.